[Event "Titled Tuesday Blitz July 11 Early 2023"]
[White "Tokman, Ariel"]
[Black "Kumsiashvili, Nikoloz"]
[WhiteFideId "117420"]
[BlackFideId "13600621"]
[WhiteElo "2533"]
[BlackElo "2713"]
[Result "0-1"]
[Round "4"]
[TimeControl "180+2"]
[Date "2023.07.11"]
[WhiteClock "0:00:05"]
[BlackClock "0:00:11"]
[Board "60"]

1. e4 c5 2. Nf3 e6 3. g3 Nc6 4. Bg2 Nf6 5. d3 d5 6. Nbd2 Bd6 7. O-O O-O 8. Re1 Nd7 9. exd5 exd5 10. d4 cxd4 11. Nb3 Nf6 12. Nbxd4 h6 13. h3 a6 14. c3 Bd7 15. Be3 Ne4 16. Nb3 Nf6 17. Nfd4 Ne5 18. Bf4 Qc7 19. Nc2 Nc4 20. Bxd6 Qxd6 21. Rb1 Rae8 22. Qd4 Rxe1+ 23. Nxe1 Re8 24. Nd3 Re2 25. Bf1 Re4 26. Qc5 Qb8 27. f4 Re3 28. Kh2 Rxg3 29. Re1 Rxd3 30. Bxd3 Qxf4+ 31. Kg1 Qg3+ 0-1


[Site "https://www.chess.com"]

[Event "Titled Tuesday Blitz July 11 Early 2023"]
[White "Sidletskyi, Ivan"]
[Black "Amilal Munkhdalai"]
[WhiteFideId "14156024"]
[BlackFideId "4903250"]
[WhiteElo "2531"]
[BlackElo "2701"]
[Result "1/2-1/2"]
[Round "4"]
[TimeControl "180+2"]
[Date "2023.07.11"]
[WhiteClock "0:00:17"]
[BlackClock "0:00:18"]
[Board "61"]

1. e4 c5 2. Nf3 Nc6 3. Nc3 e6 4. d4 cxd4 5. Nxd4 Qc7 6. g3 a6 7. Bg2 Nf6 8. O-O d6 9. b3 Nxd4 10. Qxd4 e5 11. Qd3 Be6 12. a4 Rc8 13. Bb2 Be7 14. f4 O-O 15. f5 Bd7 16. g4 Nxg4 17. Nd5 Qc5+ 18. Bd4 exd4 19. Nxe7+ Kh8 20. Nxc8 Rxc8 21. Rac1 Ne5 22. Qg3 d3+ 23. Qf2 dxc2 24. Qxc5 Rxc5 25. Rf2 Nd3 26. Rcxc2 Nxf2 27. Rxc5 dxc5 28. Kxf2 b6 29. Ke3 Kg8 30. Bf1 a5 31. Kf4 Kf8 32. Bc4 f6 33. e5 fxe5+ 34. Kxe5 Ke7 35. h4 h6 36. Be2 Be8 37. Bc4 Bd7 38. Be2 Be8 39. Bc4 Bh5 40. Kd5 Bf3+ 41. Ke5 Bc6 42. Be2 Be8 1/2-1/2


[Site "https://www.chess.com"]

[Event "Titled Tuesday Blitz July 11 Early 2023"]
[White "Bykhovsky, Anatoly"]
[Black "Turzo, Attila"]
[WhiteFideId "2806991"]
[BlackFideId "704954"]
[WhiteElo "2701"]
[BlackElo "2524"]
[Result "1-0"]
[Round "4"]
[TimeControl "180+2"]
[Date "2023.07.11"]
[WhiteClock "0:00:48"]
[BlackClock "0:00:13"]
[Board "62"]

1. d4 Nf6 2. Nf3 g6 3. c4 Bg7 4. Nc3 O-O 5. Bg5 d6 6. e3 h6 7. Bh4 Nbd7 8. Be2 c5 9. d5 a6 10. a4 g5 11. Bg3 Nh5 12. Qc2 Rb8 13. Nxg5 hxg5 14. Bxh5 Ne5 15. Be2 f5 16. f4 Ng4 17. Bxg4 fxg4 18. O-O gxf4 19. Bxf4 Bf5 20. e4 Bg6 21. Qe2 Qd7 22. e5 dxe5 23. Bxe5 Rxf1+ 24. Rxf1 Rf8 25. Bxg7 Rxf1+ 26. Qxf1 Kxg7 27. Qf4 Qf5 28. Qe3 Kf7 29. Qxc5 Qd3 30. a5 Ke8 31. Qc8+ Kf7 32. Qxg4 Qd2 33. Qe6+ Kg7 34. Qxe7+ Kh6 35. Qe2 Qc1+ 36. Nd1 Kh7 37. Kf2 Bc2 38. Ne3 Be4 39. d6 Bc6 40. d7 Bxd7 41. Qd3+ Kh6 42. Qd6+ Kg5 43. Qxd7 Qxb2+ 44. Kf3 Qf6+ 45. Qf5+ Qxf5+ 46. Nxf5 Kxf5 47. h4 Kg6 48. g4 Kh6 49. Ke4 Kg6 50. Kd5 Kf6 51. Kc5 1-0


[Site "https://www.chess.com"]

[Event "Titled Tuesday Blitz July 11 Early 2023"]
[White "Chor, Kevin"]
[Black "De La Villa Garcia, Jesus Maria"]
[WhiteFideId "2090740"]
[BlackFideId "2200040"]
[WhiteElo "2522"]
[BlackElo "2701"]
[Result "0-1"]
[Round "4"]
[TimeControl "180+2"]
[Date "2023.07.11"]
[WhiteClock "0:00:04"]
[BlackClock "0:01:44"]
[Board "63"]

1. e4 e5 2. Nf3 Nc6 3. Bb5 Bc5 4. c3 Nge7 5. O-O Bb6 6. d3 O-O 7. Nbd2 d5 8. exd5 Qxd5 9. Bc4 Qd8 10. Qe2 Bg4 11. h3 Bh5 12. Ne4 Kh8 13. Ng3 Bg6 14. Nxe5 Nxe5 15. Qxe5 Nc6 16. Qe2 Re8 17. Be3 Qh4 18. Kh2 f5 19. Qf3 Ne5 20. Qf4 Ng4+ 21. Kg1 Rxe3 22. d4 Ree8 23. hxg4 fxg4 24. Nf5 Qf6 25. Bd3 Rf8 0-1


[Site "https://www.chess.com"]

[Event "Titled Tuesday Blitz July 11 Early 2023"]
[White "Reprintsev, Alexander"]
[Black "Matinian, Nikita"]
[WhiteFideId "14100541"]
[BlackFideId "24129100"]
[WhiteElo "2520"]
[BlackElo "2700"]
[Result "0-1"]
[Round "4"]
[TimeControl "180+2"]
[Date "2023.07.11"]
[WhiteClock "0:00:00"]
[BlackClock "0:01:17"]
[Board "64"]

1. e4 c5 2. b3 Nf6 3. e5 Nd5 4. Nc3 e6 5. Bb2 Nc6 6. Ne4 Be7 7. c4 Nf4 8. Nf3 O-O 9. g3 Ng6 10. Bg2 d5 11. exd6 Bxd6 12. d4 cxd4 13. Nxd4 Bb4+ 14. Ke2 Qb6 15. Nxc6 bxc6 16. Bd4 c5 17. Bxc5 Bxc5 18. Nxc5 Rb8 19. Na4 Qa5 20. Re1 Qh5+ 21. Kf1 Qxh2 22. Qg4 e5 23. Qg5 h6 24. Qe3 f5 25. Qc5 f4 26. Qd5+ Kh7 27. Be4 Bh3+ 28. Ke2 fxg3 29. Bxg6+ Kxg6 30. Qe4+ Rf5 0-1


[Site "https://www.chess.com"]

[Event "Titled Tuesday Blitz July 11 Early 2023"]
[White "Haszon, David"]
[Black "djokovic74"]
[WhiteFideId "733610"]
[WhiteElo "2518"]
[BlackElo "2700"]
[Result "0-1"]
[Round "4"]
[TimeControl "180+2"]
[Date "2023.07.11"]
[WhiteClock "0:01:14"]
[BlackClock "0:01:04"]
[Board "65"]

1. d4 e6 2. e4 d5 3. Nd2 Nf6 4. e5 Nfd7 5. Bd3 c5 6. c3 Nc6 7. Ngf3 f6 8. Ng5 fxg5 9. Qh5+ g6 10. Bxg6+ hxg6 11. Qxg6+ Ke7 12. Qxg5+ Kf7 13. Qf4+ Nf6 14. exf6 Bd6 15. Qg5 Qxf6 16. Qxf6+ Kxf6 17. dxc5 Bxc5 18. Nf3 Bd7 19. Bg5+ Kf7 20. h4 e5 21. b4 Bd6 22. O-O-O Be6 23. Rhe1 e4 24. Nd2 Be5 25. c4 Nxb4 26. cxd5 Nxa2+ 27. Kc2 Rac8+ 28. Kb3 Bxd5+ 29. Ka3 Rc3+ 30. Kb2 Rd3+ 31. Kb1 Nc3+ 32. Kc2 Nxd1 0-1


[Site "https://www.chess.com"]

[Event "Titled Tuesday Blitz July 11 Early 2023"]
[White "NikaVolkov"]
[Black "only_strong_moves"]
[WhiteElo "2691"]
[BlackElo "2518"]
[Result "1-0"]
[Round "4"]
[TimeControl "180+2"]
[Date "2023.07.11"]
[WhiteClock "0:01:17"]
[BlackClock "0:00:03"]
[Board "66"]

1. d4 d5 2. c4 dxc4 3. e3 Nf6 4. Bxc4 e6 5. Nf3 c5 6. O-O a6 7. a4 Nc6 8. Qe2 cxd4 9. Rd1 Qc7 10. exd4 Be7 11. Nc3 O-O 12. h3 Nb4 13. Bb3 b6 14. Bg5 Qa7 15. Rac1 Bd7 16. Ne5 Rfc8 17. Nxd7 Qxd7 18. d5 exd5 19. Bxf6 Bxf6 20. Nxd5 Nxd5 21. Rxc8+ Rxc8 22. Bxd5 Qxa4 23. b3 Qb5 24. Qh5 g6 25. Qf3 Kg7 26. Bc4 Rxc4 27. bxc4 Qxc4 28. g3 Qe6 29. h4 b5 30. Rd5 h5 31. Rc5 Bd4 32. Rc6 Qa2 33. Rd6 Be5 34. Rd5 b4 35. Kg2 Bf6 36. Rd7 b3 37. Qd5 Qe2 38. Qxf7+ Kh6 39. Qh7# 1-0


[Site "https://www.chess.com"]

[Event "Titled Tuesday Blitz July 11 Early 2023"]
[White "WindWhistler11"]
[Black "Lorparizangeneh, Shahin"]
[BlackFideId "12521604"]
[WhiteElo "2517"]
[BlackElo "2688"]
[Result "0-1"]
[Round "4"]
[TimeControl "180+2"]
[Date "2023.07.11"]
[WhiteClock "0:00:00"]
[BlackClock "0:00:18"]
[Board "67"]

1. Nf3 c5 2. g3 Nc6 3. d4 cxd4 4. Nxd4 g6 5. Bg2 Bg7 6. Nb3 d6 7. Na3 Be6 8. c3 Qd7 9. h4 Nf6 10. Nc2 O-O 11. Nbd4 Nxd4 12. Nxd4 Bd5 13. Bh3 Qc7 14. O-O e5 15. Nc2 b6 16. Bg5 Bb7 17. Bxf6 Bxf6 18. Ne3 Qc6 19. Bg2 e4 20. Qd2 d5 21. Rad1 Rad8 22. Nc2 Qb5 23. Rb1 Qa4 24. a3 d4 25. b3 Qd7 26. Qf4 Qd6 27. Qxd6 Rxd6 28. cxd4 Bxd4 29. Rfd1 Be5 30. Rxd6 Bxd6 31. b4 Rc8 32. Nd4 Be5 33. Rd1 Kg7 34. e3 a6 35. h5 Rc3 36. hxg6 hxg6 37. a4 Rc4 38. b5 Rxa4 39. bxa6 Rxa6 40. Nb5 Ra5 41. Nd6 Bxd6 42. Rxd6 Ra1+ 43. Kh2 Rb1 44. Rd4 Rb2 45. Kg1 Rb1+ 46. Kh2 b5 47. Bxe4 Bxe4 48. Rxe4 b4 49. Kg2 b3 50. Rb4 Kf6 51. Rb7 Ke6 52. Kf3 f5 53. g4 fxg4+ 54. Kxg4 b2 55. Kf4 g5+ 56. Ke4 g4 57. Rb6+ Kd7 58. Rb4 Kc6 59. Ke5 Kc5 60. Rb8 Kc4 61. e4 Kc3 62. Ke6 Re1 63. Rc8+ Kd4 64. Rd8+ Kxe4 0-1


[Site "https://www.chess.com"]

[Event "Titled Tuesday Blitz July 11 Early 2023"]
[White "Tregubov, Pavel V."]
[Black "Frolyanov, Dmitry"]
[WhiteFideId "4115341"]
[BlackFideId "4151976"]
[WhiteElo "2688"]
[BlackElo "2516"]
[Result "0-1"]
[Round "4"]
[TimeControl "180+2"]
[Date "2023.07.11"]
[WhiteClock "0:00:00"]
[BlackClock "0:00:09"]
[Board "68"]

1. e4 e5 2. Nf3 Nf6 3. Nxe5 d6 4. Nf3 Nxe4 5. c4 Nc6 6. d3 Nf6 7. d4 g6 8. d5 Ne7 9. Bd3 Bg7 10. O-O O-O 11. Re1 c6 12. dxc6 Nxc6 13. Nc3 d5 14. Bg5 dxc4 15. Bxc4 h6 16. Bf4 Qxd1 17. Raxd1 Bg4 18. h3 Bxf3 19. gxf3 Nh5 20. Bd6 Rfe8 21. Nb5 Rxe1+ 22. Rxe1 Rd8 23. Bc7 Rd7 24. Re8+ Kh7 25. Bh2 Nd4 26. Nxd4 Bxd4 27. b3 Bb6 28. Kg2 Rd2 29. Bg3 Nxg3 30. Kxg3 Bxf2+ 31. Kf4 Rd7 32. Ke4 Kg7 33. Rb8 Bb6 34. f4 Rd4+ 35. Kf3 Rxf4+ 36. Ke2 Re4+ 37. Kd3 Re3+ 38. Kd2 Re7 39. a4 a5 40. Kd3 Bc5 41. Bd5 b6 42. Kc4 g5 43. Kb5 f5 44. b4 Bxb4 45. Kxb6 f4 46. Kb5 Kf6 47. Rf8+ Ke5 48. Bc4 Kd4 49. Bf7 Ke3 50. Bh5 Kf2 51. Bg4 Kg3 52. Rf6 Re5+ 0-1


[Site "https://www.chess.com"]

[Event "Titled Tuesday Blitz July 11 Early 2023"]
[White "slidingknight2775"]
[Black "Nagare Kaivalya Sandip"]
[BlackFideId "25957929"]
[WhiteElo "2516"]
[BlackElo "2681"]
[Result "1/2-1/2"]
[Round "4"]
[TimeControl "180+2"]
[Date "2023.07.11"]
[WhiteClock "0:00:11"]
[BlackClock "0:00:27"]
[Board "69"]

1. d4 Nf6 2. Bg5 d5 3. Nd2 Bf5 4. e3 e6 5. c3 Nbd7 6. Ngf3 Be7 7. h3 O-O 8. Be2 c5 9. O-O h6 10. Bf4 Rc8 11. a4 Re8 12. a5 c4 13. Ne5 Nxe5 14. Bxe5 Nd7 15. Bh2 Nf8 16. e4 dxe4 17. Nxc4 Bh7 18. Qb3 Qd5 19. Qa4 Ng6 20. Ne5 Nxe5 21. Bxe5 Bf6 22. Bxf6 gxf6 23. Qb5 Qd6 24. Qh5 Kg7 25. Qg4+ Kh8 26. Qh4 Qe7 27. Qxh6 Rg8 28. Kh1 Rg5 29. Qh4 Rcg8 30. Rg1 f5 31. f4 exf3 32. Bxf3 R8g6 33. Rae1 Qf6 34. Qf4 Rg3 35. Qe5 f4 36. Qxf6+ Rxf6 37. Kh2 Bf5 38. Bxb7 Rh6 39. Rh1 Bxh3 40. Kg1 Kg7 41. Kf1 Bg4 42. Rxh6 Kxh6 43. Kf2 Rd3 44. Bf3 Bf5 45. Re2 Kg5 46. Be4 Rd1 47. Bxf5 Kxf5 48. Re5+ Kg4 49. Re2 Ra1 50. b4 Rc1 51. Rb2 Rxc3 52. b5 Ra3 53. b6 axb6 54. axb6 Ra8 55. b7 Rb8 56. Rb4 Kf5 57. Kf3 f6 58. Rb5+ e5 59. Kf2 Ke6 60. dxe5 fxe5 61. Kf3 Kf5 62. g4+ fxg3 63. Kxg3 Ke4 64. Kf2 Kd4 65. Ke2 e4 66. Rb4+ Kd5 67. Ke3 Kc6 68. Rxe4 Rxb7 69. Rc4+ Kd5 70. Rd4+ Ke5 71. Rh4 Rb3+ 72. Ke2 Rg3 73. Ke1 Rg2 74. Kf1 Rg5 75. Ke1 Rf5 76. Kd1 Kf6 77. Ke1 Kg5 78. Ra4 Re5+ 79. Kd1 Rd5+ 80. Ke1 Rc5 81. Kd1 Kf5 82. Ke1 Ke5 83. Kd1 Kd5 84. Ke1 Rc4 85. Rxc4 Kxc4 1/2-1/2


[Site "https://www.chess.com"]

[Event "Titled Tuesday Blitz July 11 Early 2023"]
[White "Osmak, Yuliia"]
[Black "Begmuratov, Alisher"]
[WhiteFideId "14101602"]
[BlackFideId "14203367"]
[WhiteElo "2515"]
[BlackElo "2680"]
[Result "0-1"]
[Round "4"]
[TimeControl "180+2"]
[Date "2023.07.11"]
[WhiteClock "0:00:02"]
[BlackClock "0:00:45"]
[Board "70"]

1. Nf3 c5 2. g3 Nc6 3. Bg2 g6 4. O-O Bg7 5. c4 e5 6. Nc3 Nge7 7. d3 h6 8. Nd2 O-O 9. Nde4 d6 10. Nd5 f5 11. Nec3 Be6 12. Nxe7+ Qxe7 13. Nd5 Qf7 14. Rb1 a5 15. Bd2 a4 16. Nb6 Ra6 17. Nxa4 e4 18. Nc3 Ne5 19. Bf4 g5 20. Bxe5 Bxe5 21. dxe4 Bxc4 22. exf5 Qxf5 23. Bd5+ Bxd5 24. Nxd5 Qf7 25. Qb3 Kg7 26. Rbd1 Rc6 27. a3 c4 28. Qb5 Rc5 29. Qa4 Rxd5 30. Qxc4 Rxd1 31. Qxf7+ Kxf7 32. Rxd1 Rc8 33. Rd2 Rc1+ 34. Kg2 Rb1 35. b4 Rc1 36. e3 Ke6 37. f4 Bf6 38. e4 Rc3 39. f5+ Kd7 40. g4 Rxa3 41. Rd5 Re3 42. Rb5 Kc7 43. e5 Rxe5 0-1


[Site "https://www.chess.com"]

[Event "Titled Tuesday Blitz July 11 Early 2023"]
[White "Shvedova, Alexandra"]
[Black "Lavrik, Dmitry"]
[WhiteFideId "54154782"]
[BlackFideId "24113190"]
[WhiteElo "2514"]
[BlackElo "2677"]
[Result "1/2-1/2"]
[Round "4"]
[TimeControl "180+2"]
[Date "2023.07.11"]
[WhiteClock "0:01:47"]
[BlackClock "0:00:29"]
[Board "71"]

1. e4 c5 2. Ne2 e6 3. d4 cxd4 4. Nxd4 Nf6 5. Nc3 Nc6 6. Ndb5 Bb4 7. a3 Bxc3+ 8. Nxc3 d5 9. exd5 exd5 10. Bd3 O-O 11. O-O Bg4 12. Be2 d4 13. Bxg4 dxc3 14. bxc3 Qa5 15. Bf3 Rad8 16. Qe2 Rfe8 17. Be3 Qxc3 18. Qb5 Rd7 19. Rad1 Rde7 20. Qb4 1/2-1/2


[Site "https://www.chess.com"]

[Event "Titled Tuesday Blitz July 11 Early 2023"]
[White "Korelskiy, Egor"]
[Black "Oleksiyenko, Mykhaylo"]
[WhiteFideId "34329064"]
[BlackFideId "4152417"]
[WhiteElo "2513"]
[BlackElo "2674"]
[Result "1/2-1/2"]
[Round "4"]
[TimeControl "180+2"]
[Date "2023.07.11"]
[WhiteClock "0:00:08"]
[BlackClock "0:00:14"]
[Board "72"]

1. e4 c5 2. Nf3 e6 3. Qe2 Nc6 4. g3 e5 5. Bg2 g6 6. O-O Bg7 7. Nc3 Nge7 8. Nd5 O-O 9. d3 d6 10. c3 h6 11. Be3 f5 12. Qd2 Kh7 13. Nxe7 Qxe7 14. exf5 gxf5 15. Rfe1 d5 16. d4 e4 17. dxc5 exf3 18. Bxh6 Qf7 19. Bxg7 Qxg7 20. Bxf3 Ne5 21. Bxd5 Rd8 22. Qf4 Rxd5 23. c4 Rxc5 24. Qh4+ Kg6 25. Qf4 Bd7 26. Rad1 Bc6 27. Rd6+ Kh7 28. Qxf5+ Kg8 29. Kf1 Rf8 30. Qe6+ Qf7 31. b4 Qxe6 32. Rxe6 Rxc4 33. R1xe5 Rxb4 34. Rg5+ Kf7 35. Re3 Rb1+ 36. Ke2 Bb5+ 37. Kf3 Kf6 38. h4 Bc6+ 39. Kg4 Rb4+ 40. f4 Re8 41. Rf5+ Kg6 42. Rg5+ Kf6 43. Rf5+ Kg6 44. Rg5+ Kf6 1/2-1/2


[Site "https://www.chess.com"]

[Event "Titled Tuesday Blitz July 11 Early 2023"]
[White "Kvaloy, Aksel Bu"]
[Black "brm72"]
[WhiteFideId "1528815"]
[WhiteElo "2671"]
[BlackElo "2512"]
[Result "1/2-1/2"]
[Round "4"]
[TimeControl "180+2"]
[Date "2023.07.11"]
[WhiteClock "0:00:10"]
[BlackClock "0:00:06"]
[Board "73"]

1. e4 c6 2. d4 d5 3. e5 c5 4. dxc5 e6 5. a3 Bxc5 6. Qg4 Ne7 7. Nf3 Nd7 8. Bd3 Qc7 9. O-O Ng6 10. Nc3 Ndxe5 11. Nxe5 Qxe5 12. Bd2 O-O 13. h4 h5 14. Qh3 Nf4 15. Bxf4 Qxf4 16. Rae1 Rd8 17. g3 Qf6 18. Kh2 e5 19. Qg2 e4 20. Nxd5 Qf3 21. Bxe4 Qxg2+ 22. Bxg2 Bf5 23. Ne7+ Bxe7 24. Rxe7 Rd2 25. Rxb7 Rxc2 26. Rb5 Bd3 27. Bxa8 Bxb5 28. Rb1 Rxf2+ 29. Kg1 Rd2 30. b4 Rd3 31. Kf2 Rxa3 32. Rc1 g6 33. Rc7 Ra6 34. Bd5 Rf6+ 35. Ke3 a6 36. Ra7 Kg7 37. Kd4 Rf2 38. Ke3 Rf5 39. Be4 Re5 40. Kf4 Re6 41. Bd5 Rf6+ 42. Ke3 Bf1 43. Rc7 Bh3 44. Ra7 Bf5 45. Bc4 Bc8 46. Rc7 Bg4 47. Ra7 Rb6 48. Rxf7+ Kh6 49. Ra7 Rxb4 50. Bg8 g5 51. Rxa6+ Kg7 52. Bd5 gxh4 53. gxh4 Bf5 54. Bf3 Rxh4 55. Ra5 Kf6 56. Kf2 Kg5 57. Be2 Rf4+ 58. Kg3 h4+ 59. Kg2 Rd4 60. Bf3 Kf4 61. Be2 Rd2 62. Kf2 Bd3 63. Ra4+ Kg5 64. Ra5+ Kf6 65. Ra6+ Ke5 66. Ra5+ Kd6 67. Ke3 Rxe2+ 68. Kxd3 Rg2 69. Rh5 Rg4 70. Ke3 Ke6 71. Kf3 Ra4 72. Rb5 Kf6 73. Rb1 Kg5 74. Kg2 Kg4 75. Kh1 Ra2 76. Rg1+ Kh3 77. Rb1 Rh2+ 78. Kg1 Rg2+ 79. Kh1 Rg3 80. Rc1 Rf3 81. Rg1 Rf2 82. Rb1 Rh2+ 83. Kg1 Rg2+ 84. Kh1 Rg5 85. Rb3+ Kg4 86. Rb4+ Kg3 87. Rb1 Rf5 88. Rg1+ Kh3 89. Rb1 Rf2 90. Rb3+ Kg4 91. Rb1 h3 92. Rb4+ Kg3 93. Rb1 h2 94. Rb3+ Kg4 95. Rb4+ Kf3 96. Rb3+ Ke4 97. Rb2 Rxb2 1/2-1/2


[Site "https://www.chess.com"]

[Event "Titled Tuesday Blitz July 11 Early 2023"]
[White "Akylbek2021"]
[Black "Parkhov, Yair"]
[BlackFideId "2813408"]
[WhiteElo "2497"]
[BlackElo "2670"]
[Result "1-0"]
[Round "4"]
[TimeControl "180+2"]
[Date "2023.07.11"]
[WhiteClock "0:00:27"]
[BlackClock "0:00:15"]
[Board "74"]

1. e4 e5 2. Nf3 Nc6 3. Bc4 Nf6 4. d3 Be7 5. Bb3 O-O 6. c3 d6 7. Nbd2 Kh8 8. Ng5 Qe8 9. O-O h6 10. Ngf3 Nh7 11. d4 Bf6 12. dxe5 Nxe5 13. Nd4 Nc6 14. Nxc6 bxc6 15. Re1 Rb8 16. Nf3 Bg4 17. h3 Bh5 18. Bf4 Ng5 19. Bxg5 Bxg5 20. g4 Bg6 21. Nxg5 hxg5 22. Qd2 Qe5 23. Qd4 c5 24. Qxe5 dxe5 25. Rad1 Rfd8 26. f3 f6 27. Kf2 Be8 28. Ke3 g6 29. Rxd8 Rxd8 30. Rd1 Rd6 31. Rxd6 cxd6 32. Kd3 Kg7 33. Kc4 Kf8 34. Bc2 Ke7 35. b4 Bf7+ 36. Kb5 cxb4 37. c4 Kd7 38. Kxb4 Kc6 39. Ba4+ Kb6 40. Bd7 a5+ 41. Kc3 Kc5 42. Bb5 Be6 43. Ba6 f5 44. exf5 gxf5 45. a3 f4 46. Kd3 Bd7 47. Bb7 Ba4 48. Bd5 Bd1 49. Kd2 Bb3 50. Kc3 Ba2 51. Be6 e4 52. fxe4 f3 53. Kd3 f2 54. Ke2 Bxc4+ 55. Bxc4 Kxc4 56. h4 gxh4 57. g5 d5 58. g6 d4 59. g7 d3+ 60. Kxf2 Kb3 61. g8=Q+ Kc2 62. Qc4+ 1-0


[Site "https://www.chess.com"]

[Event "Titled Tuesday Blitz July 11 Early 2023"]
[White "Bobkov, Vadim"]
[Black "Urbina Perez, Juan Antonio"]
[WhiteFideId "34110876"]
[BlackFideId "2217368"]
[WhiteElo "2655"]
[BlackElo "2488"]
[Result "1/2-1/2"]
[Round "4"]
[TimeControl "180+2"]
[Date "2023.07.11"]
[WhiteClock "0:01:45"]
[BlackClock "0:02:10"]
[Board "75"]

1. d4 d5 2. c4 c6 3. cxd5 cxd5 4. Bg5 Nc6 5. Nc3 h6 6. Bh4 g5 7. Bg3 Bg7 8. e3 Nf6 9. Bd3 Qb6 10. Nge2 Bg4 11. f3 Bh5 12. O-O O-O 13. Na4 Qa5 14. Nc5 Qb6 15. Na4 Qa5 16. Nc5 Qb6 17. Na4 1/2-1/2


[Site "https://www.chess.com"]

[Event "Titled Tuesday Blitz July 11 Early 2023"]
[White "Szczurek, Krzysztof"]
[Black "Komov, Roman"]
[WhiteFideId "1185489"]
[BlackFideId "24175714"]
[WhiteElo "2487"]
[BlackElo "2655"]
[Result "0-1"]
[Round "4"]
[TimeControl "180+2"]
[Date "2023.07.11"]
[WhiteClock "0:00:35"]
[BlackClock "0:00:06"]
[Board "76"]

1. Nf3 d5 2. g3 Nc6 3. d4 Bf5 4. Bg2 Nb4 5. Na3 e6 6. c3 Nc6 7. Nc2 Nf6 8. O-O h6 9. b4 Be4 10. a4 Bd6 11. Bb2 O-O 12. Nce1 a5 13. b5 Ne7 14. Nd3 Nc8 15. Nfe5 Bxg2 16. Kxg2 Nd7 17. Nxd7 Qxd7 18. Nc5 Bxc5 19. dxc5 Ne7 20. c4 Rfd8 21. cxd5 Qxd5+ 22. Qxd5 Rxd5 23. Rac1 Rd2 24. Be5 c6 25. e3 Nd5 26. Kf3 Rc8 27. e4 Nb4 28. Rcd1 Rxd1 29. Rxd1 cxb5 30. Bd6 bxa4 31. Ra1 Nc6 32. Rxa4 f6 33. Ke3 Kf7 34. Kd3 Ke8 35. Kc4 Kd7 36. Kb5 Ra8 37. Kb6 Kc8 38. Bf8 Ra6+ 39. Kb5 e5 40. Bxg7 Nd4+ 41. Kc4 h5 42. Bf8 Kd7 43. h3 Ra8 44. Bh6 Kc6 45. Be3 Ne6 46. Ra1 Nc7 47. Rd1 Nb5 48. Ra1 a4 49. Kb4 a3 50. Bc1 a2 51. Be3 Ra3 52. g4 hxg4 53. hxg4 Ra8 54. Kb3 Rg8 55. f3 Rd8 56. Kc2 Ra8 57. Kb2 Ra3 58. Bh6 Rxf3 59. Rxa2 Rf2+ 60. Kb3 Rxa2 61. Kxa2 Nc3+ 62. Kb3 Nxe4 63. Kb4 Nxc5 64. Bg7 Nd7 65. Kc4 Kd6 66. Bh6 Ke6 67. Be3 Nf8 68. Kb5 Ng6 69. Kb6 e4 70. Kxb7 Ne5 71. g5 f5 72. Kb6 Nc4+ 0-1


[Site "https://www.chess.com"]

[Event "Titled Tuesday Blitz July 11 Early 2023"]
[White "Vypkhaniuk, Ihor"]
[Black "Baches Garcia, Guillermo"]
[WhiteFideId "14112256"]
[BlackFideId "2209764"]
[WhiteElo "2652"]
[BlackElo "2486"]
[Result "1-0"]
[Round "4"]
[TimeControl "180+2"]
[Date "2023.07.11"]
[WhiteClock "0:00:15"]
[BlackClock "0:00:00"]
[Board "77"]

1. d4 d5 2. Nf3 e6 3. g3 Nf6 4. Bg2 h6 5. O-O Bd6 6. b3 O-O 7. Bb2 b6 8. c4 c5 9. cxd5 exd5 10. dxc5 bxc5 11. Nc3 Bb7 12. Rc1 Nbd7 13. Nh4 Nb6 14. Nf5 Re8 15. Nxd6 Qxd6 16. Nb5 Qc6 17. Bxf6 Qxb5 18. Ba1 Qxe2 19. Rxc5 Qxd1 20. Rxd1 Rac8 21. Bd4 Rxc5 22. Bxc5 Re2 23. a4 Rb2 24. a5 Nd7 25. Bxa7 Rxb3 26. Bxd5 Bxd5 27. Rxd5 Nf6 28. Rd8+ Kh7 29. Bd4 Ra3 30. Bxf6 gxf6 31. Rd5 Kg6 32. g4 Kg7 33. Kg2 Ra4 34. h4 Kg6 35. h5+ Kg7 36. Kg3 Ra3+ 37. f3 Ra4 38. Rf5 Ra3 39. Kf4 Ra4+ 40. Ke3 1-0


[Site "https://www.chess.com"]

[Event "Titled Tuesday Blitz July 11 Early 2023"]
[White "Katz, Alexander"]
[Black "Zacurdajev, Dmitry"]
[WhiteFideId "2039796"]
[BlackFideId "4196309"]
[WhiteElo "2641"]
[BlackElo "2461"]
[Result "1-0"]
[Round "4"]
[TimeControl "180+2"]
[Date "2023.07.11"]
[WhiteClock "0:00:18"]
[BlackClock "0:00:04"]
[Board "78"]

1. e4 c6 2. Nc3 d5 3. Nf3 Bg4 4. d4 dxe4 5. Nxe4 Nf6 6. Nxf6+ exf6 7. c3 Bd6 8. Bd3 O-O 9. O-O Nd7 10. h3 Bh5 11. Re1 Re8 12. Be3 Nf8 13. c4 Bc7 14. c5 Ne6 15. Bc4 Bxf3 16. Qxf3 Nxd4 17. Qg4 Ne6 18. Rad1 Qe7 19. b4 Rad8 20. Bd4 a5 21. a3 axb4 22. axb4 Bb8 23. g3 Kh8 24. Bc3 Rxd1 25. Rxd1 Ng5 26. Rd7 Qe4 27. Qxe4 Nxe4 28. Bb2 Be5 29. Bxe5 fxe5 30. Bxf7 Rb8 31. Bc4 Nd2 32. Rxd2 1-0


[Site "https://www.chess.com"]

[Event "Titled Tuesday Blitz July 11 Early 2023"]
[White "Ergazakis, Ioannis"]
[Black "Arabidze, Meri"]
[WhiteFideId "4290976"]
[BlackFideId "13604040"]
[WhiteElo "2466"]
[BlackElo "2641"]
[Result "0-1"]
[Round "4"]
[TimeControl "180+2"]
[Date "2023.07.11"]
[WhiteClock "0:00:01"]
[BlackClock "0:00:06"]
[Board "79"]

1. e4 c5 2. Nf3 e6 3. d4 cxd4 4. Nxd4 Nc6 5. Nb5 d6 6. c4 Nf6 7. N1c3 a6 8. Na3 b6 9. Be2 Bb7 10. Be3 Be7 11. O-O O-O 12. Qb3 Nd7 13. Rfd1 Nc5 14. Qc2 Qc7 15. Rac1 Bf6 16. f3 Be5 17. Kh1 Rac8 18. Nab1 Qb8 19. Qd2 Rfd8 20. Bg5 Rd7 21. f4 Bxc3 22. Nxc3 Nb4 23. Qe3 h6 24. Bh4 Qa8 25. Bf3 f5 26. a3 fxe4 27. axb4 exf3 28. bxc5 fxg2+ 29. Kg1 bxc5 30. Qxe6+ Rf7 31. Rxd6 Rf8 32. Nd5 Kh8 33. Ne7 Be4 34. Rd5 Rxf4 35. Bf2 Rxf2 36. Qxe4 Rf1+ 37. Kxg2 Rxc1 38. Ng6+ Kg8 39. Qe6+ Kh7 40. Nxf8+ Qxf8 41. Rf5 Qa8+ 42. Qd5 Qxd5+ 43. cxd5 Rc2+ 44. Kg3 Rxb2 45. d6 Rd2 46. Rxc5 Rxd6 47. Rc7 Rb6 48. Ra7 h5 49. h4 Kh6 50. Kh3 g6 51. Kg3 Rb3+ 52. Kg2 Ra3 53. Kh2 g5 54. hxg5+ Kxg5 55. Rg7+ Kh6 56. Ra7 a5 57. Ra6+ Kg5 58. Ra8 Kh4 59. Ra6 Ra2+ 60. Kg1 a4 61. Ra7 Kh3 62. Ra5 h4 63. Ra7 Ra1+ 64. Kf2 a3 65. Ra4 Ra2+ 66. Kf3 Rg2 67. Ke3 Rg3+ 68. Kf2 Rg2+ 69. Kf1 Ra2 70. Ra5 Kg3 71. Rg5+ Kf4 72. Ra5 h3 73. Kg1 Kg4 74. Ra8 Ra1+ 75. Kh2 Ra2+ 76. Kh1 Kg3 77. Rg8+ Kf3 78. Ra8 Kg4 79. Ra6 Ra1+ 80. Kh2 Ra2+ 81. Kh1 Kf4 82. Ra8 Ke4 83. Ra7 Kd4 84. Ra8 Kc3 85. Ra7 Ra1+ 86. Kh2 Kb2 87. Re7 Rc1 88. Rb7+ Ka1 89. Kxh3 a2 90. Kg3 Rb1 91. Ra7 Kb2 92. Rb7+ Kc3 93. Rc7+ Kd4 94. Rd7+ Kc5 95. Rc7+ Kd6 96. Rc2 a1=Q 97. Rd2+ Kc5 98. Re2 Rb3+ 0-1


[Site "https://www.chess.com"]

[Event "Titled Tuesday Blitz July 11 Early 2023"]
[White "Sztokbant, Bernardo Vainzoff"]
[Black "Koshulyan, Egor A."]
[WhiteFideId "2115956"]
[BlackFideId "24237000"]
[WhiteElo "2446"]
[BlackElo "2638"]
[Result "0-1"]
[Round "4"]
[TimeControl "180+2"]
[Date "2023.07.11"]
[WhiteClock "0:01:13"]
[BlackClock "0:02:01"]
[Board "80"]

1. e4 c5 2. Nf3 Nc6 3. Bb5 g5 4. Nxg5 Nf6 5. Nc3 Rg8 6. d3 h6 7. Nh3 Rxg2 8. Nf4 Rg8 9. Be3 Nd4 10. Bc4 d6 11. Bxd4 cxd4 12. Nce2 e5 13. Nd5 Nxd5 14. Bxd5 Be7 15. Ng3 Qb6 16. Qh5 Rg6 17. O-O-O Bg4 0-1


[Site "https://www.chess.com"]